 Dungeon Crawl Stone Soup version 0.30-a0-339-g89bb51ec76 (webtiles) character file.

Game seed: 16185584301276222918

327 p00ps00p the Trooper (level 6, -4/56 HPs)
             Began as a Hill Orc Fighter on Nov 1, 2022.
             Was an Initiate of Gozag.
             Slain by an ogre
             ... wielding a +0 giant club
              (20 damage)
             ... on level 4 of the Dungeon.
             The game lasted 00:08:05 (2877 turns).

p00ps00p the Trooper (Hill Orc Fighter)             Turns: 2877, Time: 00:08:05

Health: -4/56      AC:  7    Str: 25    XL:     6   Next: 50%
Magic:  6/6        EV:  9    Int:  8    God:    Gozag
Gold:   173        SH:  5    Dex: 12    Spells: 5/5 levels left

rFire   . . .      SeeInvis .    a - +0 war axe
rCold   . . .      Faith    .    c - +0 buckler
rNeg    . . .      Spirit   .    b - +0 scale mail
rPois   .          Reflect  .    (no helmet)
rElec   .          Harm     .    (no cloak)
rCorr   .          Rampage  .    (no gloves)
Will    .....                    (no boots)
Stlth   ..........               i - amulet of regeneration
HPRegen 1.09/turn                j - +6 ring of strength
MPRegen 0.10/turn                (no ring)

@: mighty, gold aura
A: no striking features
a: Renounce Religion, Potion Petition, Call Merchant, Bribe Branch


You were on level 4 of the Dungeon.
You worshipped Gozag.
Gozag was aware of your devotion.
You visited 2 branches of the dungeon, and saw 6 of its levels.

You collected 226 gold pieces.
You paid 53 gold pieces to Gozag.

Inventory:

Hand Weapons
 a - a +0 war axe (weapon)
Armour
 b - a +0 scale mail (worn)
 c - a +0 buckler (worn)
Jewellery
 i - an amulet of regeneration (around neck)
 j - a +6 ring of strength (left hand)
 k - a ring of willpower
Wands
 e - a wand of polymorph (10)
Scrolls
 n - 5 scrolls of immolation
Potions
 d - 2 potions of might
 f - a potion of attraction
 g - 5 potions of curing
 h - a potion of brilliance
 l - a potion of heal wounds {unknown}
 o - a potion of mutation
 q - 3 potions of lignification {unknown}
 r - a potion of ambrosia {unknown}


   Skills:
 + Level 5.3 Fighting
 - Level 5.0 Axes
 + Level 4.8 Armour
 + Level 4.7 Shields


You had 5 spell levels left.
You didn't know any spells.
Your spell library was empty.

Dungeon Overview and Level Annotations

Branches:
Dungeon (5/15)             Temple (1/1) D:4

Altars:
Ashenzari
Cheibriados
Dithmenos
Elyvilon
Fedhas
Gozag
Hepliaklqana
Kikubaaqudgha
Makhleb
Nemelex Xobeh
Okawaru
Qazlal
Sif Muna
Trog
Uskayaw
Vehumet
Wu Jian
Yredelemnul
Zin
The Shining One

Shops:
D:1 *[?*?


Message History

The giant cockroach bites you.
The ogre is distracted by your dazzling golden aura.
The phantom barely misses you. You block the giant cockroach's attack.
You see here 11 gold pieces.
Unknown command.
You closely miss the phantom.
The ogre shouts!
You hit the giant cockroach but do no damage.
The ogre is no longer distracted by gold.
The phantom is distracted by your dazzling golden aura.
The giant cockroach barely misses you.
You barely miss the phantom.
The phantom is no longer distracted by gold.
You closely miss the giant cockroach.
The giant cockroach bites you but does no damage.
You block the phantom's attack.
The giant cockroach bites you but does no damage.
You closely miss the phantom. You hit the giant cockroach. You slash the ogre!
The ogre barely misses you. The phantom hits you.
The giant cockroach bites you but does no damage.
The phantom closely misses you.
You miss the phantom. You hit the ogre. You hit the giant cockroach.
You kill the giant cockroach!
The ogre hits you with a +0 giant club! The phantom closely misses you.
You slash the phantom!
The phantom is moderately damaged.
You slash the ogre! The ogre hits you with a +0 giant club!
The phantom hits you.
Unknown command.
You barely miss the phantom.
The phantom is moderately damaged.
You hit the ogre.
The phantom hits you but does no damage.
The ogre hits you with a +0 giant club!
* * * LOW HITPOINT WARNING * * *
You block the phantom's attack.
You feel very mighty all of a sudden.
The ogre hits you with a +0 giant club!!
You die...
Your body crumbles into a pile of gold.

####.... #.#
#....... ..###
#......# .... ######
##......# B.. ......
.'....... .. ######
#......# .######
######
##....OW##.......
...... .......@$$#
##################.#
..#..............#.#
#.#.######....#....#
#.####...##....###
#....'.........#
#.####....)....##
#.......##.##...##
#.#.##..#..#.#..#..#


You could see an ogre and a phantom.

Vanquished Creatures
  A necrophage (D:4)
  2 orc priests
  An iguana (D:4)
  Jessica (D:3)
  4 gnolls
  An adder (D:3)
  2 worms
  2 dart slugs
  8 orcs
  8 ball pythons
  8 endoplasms
  4 giant cockroaches
  5 goblins
  9 hobgoblins
  2 jackals (D:1)
  7 kobolds
  3 quokkas
  6 bats
  5 frilled lizards
  7 rats
86 creatures vanquished.

Notes
Turn   | Place    | Note
-------+----------+-------------------------------------------
     0 | D:1      | p00ps00p the Hill Orc Fighter began the quest for the Orb.
     0 | D:1      | Reached XP level 1. HP: 19/19 MP: 1/1
     1 | D:1      | Found Nufugh's Assorted Antiques.
    20 | D:1      | Found Baubeomn's General Store.
    54 | D:1      | Reached XP level 2. HP: 24/27 MP: 2/2
    85 | D:1      | Found Tait's Magic Scroll Shoppe.
    87 | D:1      | Found Vuggef's Antique Armour Boutique.
   288 | D:1      | Reached XP level 3. HP: 33/33 MP: 3/3
   394 | D:1      | Found Lucvos's Magic Scroll Shoppe.
  1131 | D:2      | Found a faded altar of an unknown god.
  1406 | D:3      | Reached XP level 4. HP: 39/40 MP: 4/4
  1558 | D:3      | Noticed Jessica
  1565 | D:3      | Killed Jessica
  1566 | D:3      | Reached XP level 5. HP: 47/47 MP: 5/5
  1876 | D:3      | Found a hide-covered altar of Uskayaw.
  1876 | D:3      | Found a shadowy altar of Dithmenos.
  2223 | D:4      | Found a staircase to the Ecumenical Temple.
  2248 | Temple   | Entered the Ecumenical Temple
  2248 | Temple   | Found a transporter.
  2248 | Temple   | Found a transporter.
  2250 | Temple   | Found a transporter.
  2250 | Temple   | Found a transporter.
  2272 | Temple   | Became a worshipper of Gozag Ym Sagoz the Greedy
  2567 | D:4      | Reached skill level 5 in Fighting
  2567 | D:4      | Reached XP level 6. HP: 50/56 MP: 6/6
  2748 | D:4      | Found a basalt altar of Yredelemnul.
  2758 | D:4      | You fall into a shaft and drop 1 floor!
  2758 | D:5      | Entered Level 5 of the Dungeon
  2804 | D:4      | Reached skill level 5 in Axes
  2877 | D:4      | Slain by an ogre

Illustrated notes

Levels and vault maps discovered:
D:1:      dpeg_arrival_shelter, layout_rooms, serial_shops,
          nicolae_shop_waterfront, shop, shop_fountains, shop,
          nicolae_shop_overgrown_old_shop
D:2:      layout_basic, shapermc_ecumenical_altar_venn, grunt_ministairs_13,
          minmay_close_crescents
D:3:      minmay_evil_eye, layout_basic, gammafunk_temple_overflow_elements,
          minmay_ruptured, uniq_jessica
D:4:      layout_basic, mainiacjoe_overflow_small_starburst,
          minmay_temple_entry_junction_2
D:5:      layout_basic
Temple:   hellmonk_temple_divided_pantheon

Skill      XL: |  1  2  3  4  5  6 |
---------------+-------------------+-----
Axes           | 3 4 5 |  5.0
Fighting       | 4 5 |  5.3
Armour         | 4 |  4.8
Shields        | 4 |  4.7

Action                   |  1- 3 |  4- 6 || total
-------------------------+-------+-------++-------
Melee: War axe           |   114 |   103 ||   217
       Unarmed           |       |     1 ||     1
  Use: Scroll            |     2 |     8 ||    10
       Potion            |       |     3 ||     3
 Stab: Invisible         |       |     1 ||     1
Armor: Scale mail        |    61 |    68 ||   129
Dodge: Dodged            |    75 |    65 ||   140
Block: Buckler           |    36 |    38 ||    74

Table legend: (Time is in decaauts)
 A = Elapsed time spent in this place.
 B = Non-inter-level travel time spent in this place.
 C = Inter-level travel time spent in this place.
 D = Time resting spent in this place.
 E = Time spent auto-exploring this place.
 F = Levels seen in this place.
 G = Mean time per level.
                   A        B        C        D        E       F      G
               +--------+--------+--------+--------+--------+-----+--------+
         Total |   2957 |   2884 |     73 |    361 |   1725 |   6 |  492.8 |
       Dungeon |   2913 |   2840 |     73 |    361 |   1719 |   5 |  582.6 |
        Temple |     44 |     44 |      0 |      0 |      6 |   1 |   44.0 |
               +--------+--------+--------+--------+--------+-----+--------+

Top non-repeatable levels by time:
     D:2: 901 daAuts
     D:3: 806 daAuts
     D:4: 720 daAuts
     D:1: 473 daAuts
  Temple: 44 daAuts
     D:5: 11 daAuts
